 Dungeon Crawl Stone Soup version 0.30-a0-462-gd5975efbca (webtiles) character file.

Game seed: 18437489975129954263

693 zishaf the Gusty (level 7, -3/44 HPs)
             Began as a Tengu Air Elementalist on Dec 16, 2022.
             Was a Follower of Jiyva.
             Killed by nerve-wracking pain
             ... invoked by Menkaure
              (10 damage)
             ... on level 5 of the Dungeon.
             The game lasted 00:08:51 (4568 turns).

zishaf the Gusty (Tengu Air Elementalist)           Turns: 4568, Time: 00:08:51

Health: -3/44      AC:  3    Str:  8      XL:     7   Next: 64%
Magic:  5/11       EV: 14    Int: 16 (18) God:    Jiyva [*.....]
Gold:   98         SH:  0    Dex: 14      Spells: 7/10 levels left

rFire   . . .      SeeInvis .    a - staff of air
rCold   . . .      Faith    .    (no shield)
rNeg    . . .      Spirit   .    l - +0 robe
rPois   .          Reflect  .    (helmet restricted)
rElec   +          Harm     .    q - +0 cloak
rCorr   .          Rampage  .    (no gloves)
Will    .....                    (boots unavailable)
Stlth   ++........               (no amulet)
HPRegen 1.07/turn                (no ring)
MPRegen 0.37/turn                (no ring)

@: flying quickly and evasively, very slightly contaminated, quick
A: beak, talons 3, nimble flight
a: Renounce Religion


You were on level 5 of the Dungeon.
You worshipped Jiyva.
Jiyva was aware of your devotion.
You visited 1 branch of the dungeon, and saw 5 of its levels.
You also visited: Sewer.

You collected 194 gold pieces.
You spent 96 gold pieces at shops.

Inventory:

Hand Weapons
 c - a +0 short sword
Missiles
 k - a throwing net
Armour
 l - a +0 robe (worn)
 q - a +0 cloak (worn)
Magical Staves
 a - a staff of air (weapon)
Scrolls
 e - a scroll of amnesia {unknown}
 f - 4 scrolls of identify {unknown}
 g - a scroll of enchant armour {unknown}
 h - 4 scrolls of teleportation {unknown}
 i - a scroll of blinking {unknown}
 j - a scroll of immolation {unknown}
 r - a scroll of noise {unknown}
 t - a scroll of vulnerability {unknown}
Potions
 b - a potion of magic
 d - a potion of lignification {unknown}
 m - 2 potions of brilliance {unknown}
 n - a potion of haste {unknown}
 o - 2 potions of invisibility {unknown}
 p - 3 potions of curing
 s - 2 potions of heal wounds
 u - 2 potions of degeneration {unknown}
 v - a potion of resistance {unknown}


   Skills:
 + Level 4.5 Fighting
 - Level 2.1 Dodging
 - Level 2.0 Stealth
 - Level 2.0 Spellcasting
 + Level 6.1 Conjurations
 + Level 7.2 Air Magic


You had 7 spell levels left.
You knew the following spells:

 Your Spells              Type           Power      Damage    Failure   Level
a - Shock                 Conj/Air       100%       1d9       1%          1
A - Static Discharge      Conj/Air       68%        2-5/arc   1%          2

Your spell library contained the following spells:

 Spells                   Type           Power      Damage    Failure   Level
 Swiftness                Air            37%        N/A       3%          3
 Kiss of Death            Conj/Necr      44%        2d8       6%          1
 Momentum Strike          Conj/Tloc      22%        3d8       9%          2
 Airstrike                Air            18%        2d(3-19)  11%         4
 Blink                    Tloc           2%         N/A       30%         2
 Confusing Touch          Hex            1%         N/A       52%         3
 Lesser Beckoning         Tloc           2%         N/A       52%         3
 Dispel Undead            Necr           1%         3d6       90%         4


Dungeon Overview and Level Annotations

Branches:
Dungeon (5/15)              Sewer (visited)
 Temple: D:4-7

Altars:
Makhleb
Sif Muna

Shops:
D:3 !

Annotations:
D:5 Menkaure


Innate Abilities, Weirdness & Mutations

You have a beak for a mouth.
You have claws for feet.
Your magical nature lets you fly swiftly and evasively.


Message History

Your body is wracked with pain!
* * * LOW HITPOINT WARNING * * *
Casting: Shock (safe; 1% risk of failure)
Confirm with . or Enter, or press ? or * to list all spells.
Aiming: Shock (safe; 1% risk of failure)
Press: ? - help, Shift-Dir - straight line, f/p - Menkaure
Aim: Menkaure (lightly damaged, fast, 88% to hit)
You feel a surge of power!
You miscast Shock.
You are very lightly contaminated with residual magic.
Nothing appears to happen.
The orc wizard gestures at you while chanting.
The magic dart hits you!
* * * LOW HITPOINT WARNING * * *
You hear a series of splatters.
Casting: Shock (safe; 1% risk of failure)
Confirm with . or Enter, or press ? or * to list all spells.
Aiming: Shock (safe; 1% risk of failure)
Press: ? - help, Shift-Dir - straight line, f/p - Menkaure
Aim: Menkaure (lightly damaged, fast, 88% to hit)
You feel a surge of power!
The zap misses the orc wizard.
The zap hits Menkaure.
Menkaure is moderately damaged.
Menkaure calls on the powers of darkness!
Your body is wracked with pain!
* * * LOW HITPOINT WARNING * * *
The jelly convulses!
The orc wizard points at you and mumbles some strange words.
The puff of flame misses you.
The puff of flame hits the jelly!
Casting: Shock (safe; 1% risk of failure)
Confirm with . or Enter, or press ? or * to list all spells.
Aiming: Shock (safe; 1% risk of failure)
Press: ? - help, Shift-Dir - straight line, f/p - Menkaure
Aim: Menkaure (moderately damaged, fast, 88% to hit)
You feel a surge of power!
The zap hits the orc wizard.
You kill the orc wizard!
The zap hits Menkaure.
Menkaure is heavily damaged.
Menkaure casts a spell at you. Pain shoots through your body!
You die...

.....<..# #...##... .##
........##........# #...
.........#.......)###....
..................#...J..
........#.###....M).#...#
....>.........#.........#
#..#..####.......).# ..#
..#...# ....#..J.###..##
....#.# # # #.@.........
....#.# #.#....#....##
###....#
####.#......#.... # ##...
................. # .#.#
#...........#.## #..
....#.##...#### .. ##....
. #.##..## ...# .#
#.##..# #####..# #.##..#


You could see Menkaure (fast) and 2 neutral jellies (fellow slime).

Vanquished Creatures
  Grinder (D:5)
  A water moccasin (D:5)
  A scorpion (D:4)
  A jelly (Sewer)
  An orc priest (D:5)
  A hound (D:4)
  Crazy Yiuf (D:2)
  3 orc wizards
  Robin (D:2)
  3 gnolls (D:2)
  6 adders
  An ufetubus (D:4)
  4 worms
  A dart slug (D:1)
  10 orcs
  9 ball pythons
  14 endoplasms
  7 giant cockroaches
  11 goblins
  11 hobgoblins
  2 jackals (D:4)
  4 quokkas
  7 bats
  10 frilled lizards
  8 kobolds
  14 rats
133 creatures vanquished.

Vanquished Creatures (others)
  A necrophage (D:4)
  A jelly (D:5)
  A rat (Sewer)
3 creatures vanquished.

Grand Total: 136 creatures vanquished

Notes
Turn   | Place    | Note
-------+----------+-------------------------------------------
     0 | D:1      | zishaf the Tengu Air Elementalist began the quest for the
                  | Orb.
     0 | D:1      | Reached XP level 1. HP: 10/10 MP: 4/4
   278 | D:1      | Reached XP level 2. HP: 16/16 MP: 4/6
   480 | D:1      | Reached skill level 1 in Fighting
   888 | D:2      | Reached XP level 3. HP: 20/20 MP: 5/7
   996 | D:2      | Found a burning altar of Makhleb.
   998 | D:2      | Noticed Robin
  1002 | D:2      | Killed Robin
  1460 | D:2      | Reached XP level 4. HP: 22/26 MP: 5/8
  1461 | D:2      | Reached skill level 5 in Air Magic
  1762 | D:2      | Learned a level 2 spell: Static Discharge
  1952 | D:2      | Gained mutation: Your magical nature lets you fly swiftly
                  | and evasively. [Tengu growth]
  1952 | D:2      | Reached XP level 5. HP: 31/31 MP: 3/9
  2001 | D:2      | Found a faded altar of an unknown god.
  2009 | D:2      | Prayed at the altar of an unknown god.
  2009 | D:2      | Became a worshipper of Sif Muna the Loreminder
  2009 | D:2      | Reached * piety under Sif Muna
  2106 | D:2      | Found a runed translucent door.
  2107 | D:2      | Noticed Crazy Yiuf
  2135 | D:2      | Killed Crazy Yiuf
  2862 | D:3      | Reached ** piety under Sif Muna
  2953 | D:3      | Found Zuegrim's Distillery.
  2958 | D:3      | Bought a potion of curing for 36 gold pieces
  2958 | D:3      | Bought a potion of heal wounds for 60 gold pieces
  3264 | D:4      | Found a glowing drain.
  3274 | D:4      | Reached XP level 6. HP: 37/37 MP: 2/10
  3327 | Sewer    | Entered a sewer
  3671 | Sewer    | Reached skill level 6 in Air Magic
  3858 | Sewer    | Found a viscous altar of Jiyva.
  3866 | Sewer    | Reached *** piety under Sif Muna
  3870 | Sewer    | Fell from the grace of Sif Muna
  3870 | Sewer    | Became a worshipper of Jiyva Jomudom the Shapeless
  4164 | D:4      | Reached * piety under Jiyva
  4282 | D:4      | Reached skill level 5 in Conjurations
  4465 | D:5      | Entered Level 5 of the Dungeon
  4499 | D:5      | Reached XP level 7. HP: 42/42 MP: 7/11
  4504 | D:5      | Noticed Grinder
  4515 | D:5      | Killed Grinder
  4516 | D:5      | Reached skill level 7 in Air Magic
  4558 | D:5      | Noticed Menkaure
  4568 | D:5      | Killed from afar by Menkaure

Illustrated notes

Levels and vault maps discovered:
D:1:      pf_arrival_petrified_forest, layout_rooms, grunt_decor_mini_mirrors
D:2:      layout_basic, chequers_ecumenical_altar_simple, basic_altar,
          minmay_close_crescents, uniq_robin, uniq_crazy_yiuf_cottage
D:3:      layout_basic, serial_shops, shop, minmay_misc_feat_pillars,
          st_stairs_10
D:4:      layout_loops_cross, portal_sewer_entry_a
D:5:      layout_rooms, uniq_grinder, uniq_menkaure

Skill      XL: |  1  2  3  4  5  6  7 |
---------------+----------------------+-----
Conjurations   | 2 3 4 5 6 |  6.1
Fighting       | 1 2 3 4 |  4.5
Air Magic      | 5 6 7 |  7.2
Dodging        | |  2.1
Stealth        | |  2.0
Spellcasting   | |  2.0

Action                   |  1- 3 |  4- 6 |  7- 9 || total
-------------------------+-------+-------+-------++-------
Melee: Unarmed           |    10 |       |       ||    10
       Kick              |     2 |     2 |     1 ||     5
       Peck              |     1 |     2 |       ||     3
       Staff             |       |     6 |     2 ||     8
 Cast: Shock             |    51 |   173 |    14 ||   238
       Static Discharge  |       |     6 |     5 ||    11
Armor: Robe              |     1 |     4 |     1 ||     6
Dodge: Dodged            |    15 |    24 |     5 ||    44

Table legend: (Time is in decaauts)
 A = Elapsed time spent in this place.
 B = Non-inter-level travel time spent in this place.
 C = Inter-level travel time spent in this place.
 D = Time resting spent in this place.
 E = Time spent auto-exploring this place.
 F = Levels seen in this place.
 G = Mean time per level.
                   A        B        C        D        E       F      G
               +--------+--------+--------+--------+--------+-----+--------+
         Total |   4430 |   4329 |    101 |    105 |   3447 |   6 |  738.3 |
       Dungeon |   3831 |   3730 |    101 |     32 |   3032 |   5 |  766.2 |
         Sewer |    598 |    598 |      0 |     73 |    414 |   1 |  598.0 |
               +--------+--------+--------+--------+--------+-----+--------+

Top non-repeatable levels by time:
     D:2: 1526 daAuts
     D:1: 868 daAuts
     D:3: 706 daAuts
     D:4: 634 daAuts
   Sewer: 598 daAuts
     D:5: 96 daAuts
